[Event "IX Iberoamericano Championship 2023"]
[Site "Panama City"]
[Date "2023.12.01"]
[Round "7.14"]
[White "Ynojosa Aponte, Felix Jose"]
[Black "Delgado Rosas, Alex Antonio"]
[Result "0-1"]
[ECO "A28"]
[WhiteElo "2393"]
[BlackElo "2105"]
[Annotator "RC"]
[PlyCount "88"]
[EventDate "2023.11.27"]
[EventType "swiss"]
[EventCountry "PAN"]
[SourceTitle "playchess.com"]
[Source "ChessBase"]
[SourceQuality "1"]
[TimeControl "5400+30"]

1. c4 e5 2. Nc3 Nc6 3. Nf3 Nf6 4. e4 Bb4 5. d3 d6 6. Be2 h6 7. O-O Bc5 8. Na4 Bg4 9. Nxc5 dxc5 10. Be3 Bxf3 11. Bxf3 Qe7 12. g3 O-O 13. Bg2 Rad8 14. a3 b6 15. Qa4 Qd7 16. b4 Nd4 17. Qxd7 Rxd7 18. bxc5 Nc2 19. cxb6 Nxa1 20. Bh3 Nc2 21. Bxd7 Nxd7 22. bxc7 Nxe3 23. fxe3 Rc8 24. Kf2 Rxc7 25. Rb1 Kf8 26. Ke2 Ke7 27. Kd2 Nc5 28. Kc2 Rd7 29. Rd1 Rb7 30. Rf1 f6 31. g4 a5 32. d4 Nxe4 33. Kd3 Ng5 34. c5 Rb3+ 35. Kc4 Rxe3 36. d5 Ne4 37. d6+ Ke6 38. Rc1 Rxa3 39. Kb5 Rc3 40. Rxc3 Nxc3+ 41. Kc6 Nd5 42. d7 Ke7 43. Kxd5 Kxd7 44. c6+ Kc7 0-1

[Event "IX Iberoamericano Championship 2023"]
[Site "Panama City"]
[Date "2023.12.01"]
[Round "7.15"]
[White "Morales Carlos"]
[Black "Duran Vega, Sergio"]
[Result "0-1"]
[ECO "D32"]
[WhiteElo "2102"]
[BlackElo "2392"]
[Annotator "RC"]
[PlyCount "112"]
[EventDate "2023.11.27"]
[EventType "swiss"]
[EventCountry "PAN"]
[SourceTitle "playchess.com"]
[Source "ChessBase"]
[SourceQuality "1"]
[TimeControl "5400+30"]

1. c4 Nf6 2. Nf3 e6 3. Nc3 d5 4. e3 c5 5. cxd5 exd5 6. d4 Nc6 7. Be2 Be7 8. dxc5 Bxc5 9. O-O O-O 10. b3 Bb6 11. Na4 Bc7 12. Bb2 Bg4 13. h3 Be6 14. Rc1 Qe7 15. Bb5 Nb4 16. a3 a6 17. Be2 Nc6 18. Nc5 Bd6 19. b4 a5 20. Nxe6 fxe6 21. b5 Nb8 22. Qa4 Nbd7 23. Nd2 Nc5 24. Qh4 Rac8 25. a4 Nfe4 26. Qxe7 Bxe7 27. Nxe4 Nxe4 28. Bg4 Kf7 29. Bd4 Ba3 30. Ra1 Bc5 31. Be5 Ke7 32. Rac1 g6 33. h4 Nxf2 34. Rxf2 Bxe3 35. Rxc8 Rxc8 36. Kf1 Rc1+ 37. Ke2 Bxf2 38. Kxf2 Kd7 39. g3 Rc2+ 40. Kf1 b6 41. Bd1 Rc1 42. Ke2 Rc4 43. Kd3 Re4 44. Bd4 Kc7 45. Bf3 Re1 46. Kd2 Rb1 47. Be5+ Kd7 48. Bd4 Rb4 49. Bxb6 Rxa4 50. Ke3 Ra3+ 51. Kf2 a4 52. Bc5 Rb3 53. Bd1 Rc3 54. Bb4 Rc4 55. Bf8 Kc7 56. Ke3 a3 0-1

[Event "IX Iberoamericano Championship 2023"]
[Site "Panama City"]
[Date "2023.12.01"]
[Round "7.16"]
[White "Roselli Mailhe, Bernardo"]
[Black "Gonzalez Ochoa, Yoana"]
[Result "1-0"]
[ECO "D38"]
[WhiteElo "2364"]
[BlackElo "2085"]
[Annotator "RC"]
[PlyCount "99"]
[EventDate "2023.11.27"]
[EventType "swiss"]
[EventCountry "PAN"]
[SourceTitle "playchess.com"]
[Source "ChessBase"]
[SourceQuality "1"]
[TimeControl "5400+30"]

1. d4 Nf6 2. c4 e6 3. Nf3 d5 4. Nc3 Bb4 5. Qa4+ Nc6 6. e3 O-O 7. Bd2 dxc4 8. Bxc4 Bd6 9. Nb5 Be7 10. a3 a6 11. Nc3 Bd6 12. Qc2 e5 13. dxe5 Nxe5 14. Be2 Bg4 15. h3 Nxf3+ 16. Bxf3 Bxf3 17. gxf3 Qe7 18. Rg1 Rad8 19. O-O-O b5 20. Ne2 c5 21. Qf5 Qe5 22. Ng3 Qe6 23. Ba5 Rd7 24. f4 b4 25. Qxe6 fxe6 26. axb4 cxb4 27. Bb6 Rc8+ 28. Kb1 Rc6 29. Bd4 Kf7 30. Bxf6 gxf6 31. Nh5 Re7 32. Rg7+ Kf8 33. Rdg1 Rxg7 34. Rxg7 h6 35. Rg6 Be7 36. Nxf6 Kf7 37. Ng4 Kxg6 38. Ne5+ Kh5 39. Nxc6 Bh4 40. Kc2 Bxf2 41. Kd2 Kh4 42. Ke2 Bg1 43. Nxb4 a5 44. Nc6 a4 45. Nd4 Kxh3 46. Nf3 Kg2 47. Nxg1 Kxg1 48. e4 Kg2 49. f5 exf5 50. exf5 1-0

[Event "IX Iberoamericano Championship 2023"]
[Site "Panama City"]
[Date "2023.12.01"]
[Round "7.17"]
[White "Esquivel Golcher, Luis Enrique"]
[Black "Soto, Miguel Angel"]
[Result "0-1"]
[ECO "B72"]
[WhiteElo "2108"]
[BlackElo "2359"]
[Annotator "RC"]
[PlyCount "42"]
[EventDate "2023.11.27"]
[EventType "swiss"]
[EventCountry "PAN"]
[SourceTitle "playchess.com"]
[Source "ChessBase"]
[SourceQuality "1"]
[TimeControl "5400+30"]

1. e4 c5 2. Nf3 d6 3. d4 cxd4 4. Nxd4 Nf6 5. Nc3 g6 6. Be3 Bg7 7. Be2 Nc6 8. Qd2 Bd7 9. O-O-O Rc8 10. h4 h5 11. Kb1 a6 12. f3 Ne5 13. g4 hxg4 14. f4 Nc6 15. Nxc6 Bxc6 16. Bd4 e5 17. fxe5 dxe5 18. Bxe5 Qxd2 19. Rxd2 Nxe4 20. Bxg7 Nxd2+ 21. Kc1 Bxh1 0-1

[Event "IX Iberoamericano Championship 2023"]
[Site "Panama City"]
[Date "2023.12.01"]
[Round "7.18"]
[White "Solares Orozco, Kebert"]
[Black "Pazos Gambarrotti, Plinio"]
[Result "1-0"]
[ECO "A40"]
[WhiteElo "2312"]
[BlackElo "1995"]
[Annotator "RC"]
[PlyCount "49"]
[EventDate "2023.11.27"]
[EventType "swiss"]
[EventCountry "PAN"]
[SourceTitle "playchess.com"]
[Source "ChessBase"]
[SourceQuality "1"]
[TimeControl "5400+30"]

1. d4 g6 2. c4 Bg7 3. Nc3 c5 4. d5 Bxc3+ 5. bxc3 f5 6. e4 fxe4 7. f3 Nf6 8. fxe4 Qa5 9. Qc2 Nxe4 10. Bd3 Nf6 11. d6 Nc6 12. Nf3 Nd4 13. Nxd4 cxd4 14. Bxg6+ Kd8 15. dxe7+ Kxe7 16. O-O Kd8 17. Bd3 Ne8 18. cxd4 d6 19. c5 h6 20. Bf4 dxc5 21. dxc5 Bd7 22. Bf5 Qa4 23. Rad1 Qxc2 24. Rxd7+ Kc8 25. Rd3# 1-0

[Event "IX Iberoamericano Championship 2023"]
[Site "Panama City"]
[Date "2023.12.02"]
[Round "8.1"]
[White "Miranda Mesa, Elier"]
[Black "Henriquez Villagra, Cristobal"]
[Result "0-1"]
[ECO "B58"]
[WhiteElo "2490"]
[BlackElo "2630"]
[Annotator "TA"]
[PlyCount "96"]
[EventDate "2023.11.27"]
[EventType "swiss"]
[EventCountry "PAN"]
[SourceTitle "playchess.com"]
[Source "ChessBase"]
[SourceQuality "1"]
[TimeControl "5400+30"]

1. e4 c5 2. Nf3 Nc6 3. d4 cxd4 4. Nxd4 Nf6 5. Nc3 d6 6. Be2 e5 7. Nf3 h6 8. O-O Be7 9. Re1 O-O 10. h3 a6 11. Bf1 Qc7 12. Nh2 {[%emt 0:04:26] B58: Classical Sicilian: 6 Be2.} Bd8 13. Be3 Ne7 {[%emt 0:00:36] [#]} 14. Be2 $146 {[%emt 0:09:30] The position is equal.} ({Predecessor:} 14. Ng4 Nxg4 15. hxg4 Qc6 16. Be2 Be6 17. Bf3 Ba5 18. Nd5 Bxd5 19. exd5 Qb5 20. Bd2 Bxd2 21. Qxd2 Qxb2 {1-0 Glek,I (2408)-Virtanen,A (2348) EU-Cup 27th Rogaska Slatina 2011 (6)}) 14... Qc6 15. Ng4 Bxg4 16. hxg4 Ba5 (16... Nxe4 17. Nxe4 Qxe4 18. Qxd6 $14) 17. Bf3 Nh7 18. Bd2 Ng5 19. Qe2 Rac8 20. Red1 Rfe8 21. Bxg5 hxg5 22. Rd3 Ng6 {[%emt 0:08:37] ...Nf4 would be deadly.} 23. g3 {[%emt 0:01:18] Repels Nf4} Nf8 24. Rad1 Qb6 25. Na4 Qb4 26. Ra3 b5 27. Nc3 {[%emt 0:01:35] Threatens to win with Nd5.} (27. c3 $5 Qc4 28. b4 $11 (28. Nc5 Qxc5 29. Rxa5 Qb6 $11)) 27... Qxb2 28. Rb3 (28. Rxa5 $2 {too greedy.} Rxc3 29. Rxa6 Ne6 $19) 28... Qxc3 29. Rxc3 (29. Rxd6 $2 {perishes.} Qa1+ 30. Qf1 Qxf1+ 31. Kxf1 Re6 32. Rxe6 Nxe6 $19) 29... Bxc3 30. Rxd6 Re6 31. Qd1 Bd4 32. Rxe6 Nxe6 33. Kg2 Rc3 34. Be2 Ra3 35. Qb1 g6 36. c3 $2 Rxc3 $19 37. Bd1 {[%emt 0:00:05] [#]} Nc5 38. Bb3 Nd3 {[%emt 0:01:42] Black has more active pieces.} 39. f3 (39. Qd1 $17) 39... Kg7 {[%emt 0:00:23] Hoping for ...a5.} 40. Kh2 (40. Bd1 $142) 40... b4 (40... Nc5 $19 {Strongly threatening ...Rd3.} 41. Qd1 a5) 41. Qd1 $2 {[%emt 0:00:35] Wards off . White does not recover from this.} (41. Bc4 $17 {only move.} Nc5 42. Qxb4) 41... a5 42. Bd5 Nb2 43. Qe2 {[%emt 0:00:33] [#]} Re3 $1 44. Qf1 (44. Qg2) 44... Rd3 45. f4 (45. Qe2 $142 Bc3 46. Kh3) 45... Rd2+ 46. Kh3 Nd3 {[%emt 0:00:27] And now ...Nf2+ would win.} 47. fxg5 Nf2+ 48. Kh4 Rd1 {[%emt 0:00:22] Weighted Error Value: White=0.56/Black=0.09 (flawless)} 0-1

[Event "IX Iberoamericano Championship 2023"]
[Site "Panama City"]
[Date "2023.12.02"]
[Round "8.2"]
[White "Mareco, Sandro"]
[Black "Cuenca Jimenez, Jose Fernando"]
[Result "1/2-1/2"]
[ECO "D31"]
[WhiteElo "2606"]
[BlackElo "2505"]
[Annotator "TA"]
[PlyCount "57"]
[EventDate "2023.11.27"]
[EventType "swiss"]
[EventCountry "PAN"]
[SourceTitle "playchess.com"]
[Source "ChessBase"]
[SourceQuality "1"]
[TimeControl "5400+30"]

1. d4 d5 2. c4 e6 3. Nc3 Be7 4. cxd5 exd5 5. Bf4 c6 6. e3 Bf5 7. Nge2 Nd7 {[%emt 0:00:55] [#]} 8. h4 $1 {[%emt 0:00:05] D31: Queen's Gambit Declined: Semi-Slav without ...Nf6 (+ Marshall Gambit and Noteboom) and Exchange Variation lines without ...Nf6.} Be6 {[%emt 0:00:28] [#]} (8... g6 9. Ng3) 9. Bg3 $146 ({Predecessor:} 9. Ng3 Ngf6 10. Bd3 O-O 11. Nf5 Bb4 12. a3 Bxc3+ 13. bxc3 Bxf5 14. Bxf5 Re8 15. a4 Nf8 {½-½ Petrosyan,M (2638)-Davtyan,A (2488) Sharjah Masters 5th 2022 (1)}) 9... Ngf6 10. f3 {[%emt 0:02:08] The position is equal.} O-O (10... Nh5 $5 11. Bf2 f5 $11) 11. Bf2 Bd6 12. Nf4 c5 13. dxc5 Bxc5 14. Be2 Ne5 15. O-O a6 16. Qb3 Qb6 (16... b5 {is interesting.} 17. Rfd1 Ng6 18. Nfxd5 Nxd5 19. Nxd5 Nxh4 20. Rac1 Rc8) 17. Qxb6 Bxb6 18. g4 {[%emt 0:03:42] Threatens to win with g5.} Ng6 19. Rfd1 Rfd8 20. Ng2 Ne7 21. Rac1 Rac8 22. Na4 Ba7 23. Rxc8 Rxc8 24. Nc3 Bb6 25. Nf4 Ba5 26. Be1 Bb6 27. Bf2 Ba5 $1 28. Be1 (28. g5 $5 Nd7 29. e4 $14 (29. Nfxd5 Nxd5 30. Nxd5 Rc2 $14)) 28... Bb6 29. Bf2 {[%emt 0:00:11] Weighted Error Value: White=0.14 (very precise) /Black=0.11 (very precise)} (29. Kf2 $14) 1/2-1/2

[Event "IX Iberoamericano Championship 2023"]
[Site "Panama City"]
[Date "2023.12.02"]
[Round "8.3"]
[White "Espinosa Veloz, Ermes"]
[Black "Diaz Perez, Michel Alejandro"]
[Result "1/2-1/2"]
[ECO "C92"]
[WhiteElo "2478"]
[BlackElo "2459"]
[Annotator "TA"]
[PlyCount "117"]
[EventDate "2023.11.27"]
[EventType "swiss"]
[EventCountry "PAN"]
[SourceTitle "playchess.com"]
[Source "ChessBase"]
[SourceQuality "1"]
[TimeControl "5400+30"]

1. e4 e5 2. Nf3 Nc6 3. Bb5 a6 4. Ba4 Nf6 5. O-O Be7 6. Re1 b5 7. Bb3 d6 8. c3 O-O 9. h3 Bb7 10. d4 Re8 11. Ng5 Rf8 12. Nf3 Re8 13. Nbd2 Bf8 14. a3 $1 {[%emt 0:00:31][%mdl 4] 14.a3 is the modern continuation.} g6 15. Bc2 Bg7 16. Nb3 {[%emt 0:00:19] C92: Closed Ruy Lopez: 9...Be6, Karpov and Flohr-Zaitsev Variations.} Rb8 17. Bg5 h6 {[%emt 0:02:11] [#]} 18. Bd2 $146 {[%emt 0:00:05] White is slightly better.} ({Predecessor:} 18. Bh4 Qc8 19. d5 Ne7 20. Bxf6 Bxf6 21. Na5 Ba8 22. b4 Kg7 23. Bb3 Rd8 24. Qd3 c5 25. dxc6 Nxc6 26. Nxc6 Bxc6 {0-1 David,A (2571)-Gareyev,T (2606) Bhopal op 2017 (7)}) 18... Nd7 19. Be3 Kh7 20. Qe2 (20. d5 $5 Ne7 21. a4 $16) 20... Nf6 21. dxe5 {[%emt 0:04:57] White is more active.} (21. Rad1 {feels hotter.} exd4 22. cxd4 Nxe4 23. d5) 21... Nxe5 22. Nxe5 Rxe5 23. f3 Re8 24. Qf2 Nd7 25. Rad1 Qe7 26. Nd2 Qf8 27. Bd4 Bxd4 (27... Rbd8 $14 {should be considered.}) 28. cxd4 $16 (28. Qxd4 Qe7 $14) 28... c5 29. f4 cxd4 30. Qxd4 Nc5 (30... Rbc8 $14 31. Bb1 Qe7) 31. b4 $1 Ne6 32. Qf2 Rbc8 33. Bb1 Rc3 (33... Qe7 $16) 34. f5 $18 Ng7 35. Qd4 Rxa3 36. Qb2 (36. Nf1 $1 $16) 36... Rg3 $14 37. Kh2 ({White should play} 37. Nf1 $16 Rg5 38. h4) 37... Nxf5 $11 {[%emt 0:06:14] And now ...Re3 would win.} 38. Rg1 {[%emt 0:00:10] [#]} (38. Nf3 $11 Rxf3 39. gxf3) 38... Rg5 $1 39. Nf3 $132 {[%emt 0:01:24][%mdl 2048] White is not keeping still. The position is equal.} (39. exf5 $2 {perishes.} Re2 $19) (39. Rde1 Ng3) 39... Bxe4 40. Nxg5+ hxg5 41. Bxe4 Rxe4 42. Rge1 $1 Qe7 43. Rxe4 Qxe4 {[%emt 0:00:02][%mdl 4096] Endgame KQR-KQN} 44. Qf6 Kg8 45. Rf1 g4 46. hxg4 $1 Qxg4 47. Kg1 Qe4 48. Rf3 (48. Kh2 {seems wilder.} d5 49. Rf3 Qe6 50. Qxe6 fxe6 51. g4) 48... Qxb4 {[%emt 0:02:23] Strongly threatening ...Qe1+.} 49. Rxf5 (49. Rc3 {looks sharper.} Qd4+ 50. Qxd4 Nxd4 51. Rd3) 49... gxf5 {[%emt 0:00:46] KQ-KQ} 50. Qg5+ Kf8 51. Qd8+ Kg7 {[%emt 0:00:01] ( -> ...Qd4+)} 52. Qg5+ Kh8 53. Qh6+ Kg8 54. Qg5+ Kh7 55. Qh5+ Kg7 56. Qg5+ Kf8 57. Qd8+ Kg7 58. Qg5+ Kf8 59. Qd8+ {[%emt 0:00:41] Weighted Error Value: White=0.14 (very precise) /Black=0.18 (very precise)} 1/2-1/2

[Event "IX Iberoamericano Championship 2023"]
[Site "Panama City"]
[Date "2023.12.02"]
[Round "8.4"]
[White "Cori, Jorge"]
[Black "Hernandez Montes, Jhon Sebastian"]
[Result "1-0"]
[ECO "B51"]
[WhiteElo "2626"]
[BlackElo "2280"]
[Annotator "TA"]
[PlyCount "65"]
[EventDate "2023.11.27"]
[EventType "swiss"]
[EventCountry "PAN"]
[SourceTitle "playchess.com"]
[Source "ChessBase"]
[SourceQuality "1"]
[TimeControl "5400+30"]

1. e4 c5 2. Nf3 Nc6 3. Bb5 e5 4. O-O d6 5. c3 Qb6 6. Na3 {[%emt 0:01:59] B51: Sicilian: Moscow Variation (3 Bb5+) without 3...Bd7.} a6 7. Bxc6+ Qxc6 8. d4 {[%emt 0:01:15] White is slightly better.} f6 9. d5 Qc7 {[%emt 0:02:21] [#]} 10. b4 $146 ({Predecessor:} 10. Nc2 h5 11. c4 h4 12. h3 g6 13. b4 cxb4 14. Qd3 f5 15. Ng5 Nf6 16. f3 {0-1 Golubka,P (2296)-Stavroyany,S (2236) Kiev Independence Cup-A 8th 2008 (4)}) 10... Bd7 (10... cxb4 $11 {remains equal.} 11. cxb4 f5) 11. Rb1 $16 {[%emt 0:05:17] aiming for bxc5.} Rb8 (11... g6 $142) 12. Be3 $36 {[%emt 0:04:23][%mdl 2048] White is in control.} b5 13. c4 {[%emt 0:00:30] White is more active.} f5 14. exf5 ({Don't take} 14. bxc5 dxc5 15. exf5 Nf6 $16) 14... Bxf5 15. Rc1 (15. cxb5 $16 Bxb1 16. bxc5 dxc5 17. Qxb1) 15... Nf6 $1 $14 16. bxc5 (16. Re1 $16) 16... dxc5 $11 17. Re1 {[%emt 0:00:03] Hoping for cxb5.} Bg4 {[%emt 0:05:53] [#] White stays focused until the end.} ({Black should try} 17... e4 $14) 18. cxb5 $1 $16 axb5 {[%emt 0:00:02] [#]} 19. Rb1 $1 Be7 (19... Qd7 $16 {was worth a try.}) 20. Nxb5 $18 Qa5 (20... Qd7 $142) 21. Bd2 Bxf3 22. gxf3 Qxa2 23. d6 ({Don't do} 23. Rxe5 O-O 24. Rxe7 Qxd5 $18) 23... Bd8 24. d7+ ({Weaker is} 24. Rxe5+ Kf8 25. Rxc5 Nd7 $18) 24... Kf8 25. Rxe5 {[%emt 0:00:59][%cal Ob5d6] Black must now prevent Nd6!} Nxd7 $2 {[%emt 0:00:26] [#]} (25... Qf7 26. Rxc5 Qxd7) 26. Nd6 $1 Nxe5 27. Rxb8 {[%emt 0:00:02] Intending Bg5 and mate.} Ke7 28. Bf4 Ke6 29. Nb7 Qd5 30. Nxd8+ Rxd8 31. Rxd8 Nxf3+ 32. Kf1 Qc4+ 33. Qe2+ {[%emt 0:00:14] Weighted Error Value: White=0.29 (precise) /Black=0.68} (33. Kg2 $142 Qd4 34. Qe2+ Kf5 35. Rf8+ Qf6 36. Rxf6+ gxf6 37. Kxf3 Kg6 38. Qe7) 1-0

[Event "IX Iberoamericano Championship 2023"]
[Site "Panama City"]
[Date "2023.12.02"]
[Round "8.5"]
[White "Hernandez Guerrero, Gilberto"]
[Black "Ulloa, Ruben Abraham"]
[Result "1/2-1/2"]
[ECO "B01"]
[WhiteElo "2527"]
[BlackElo "2150"]
[Annotator "TA"]
[PlyCount "77"]
[EventDate "2023.11.27"]
[EventType "swiss"]
[EventCountry "PAN"]
[SourceTitle "playchess.com"]
[Source "ChessBase"]
[SourceQuality "1"]
[TimeControl "5400+30"]

1. e4 d5 2. exd5 Qxd5 3. Nc3 Qa5 4. Bc4 Nf6 5. d3 e6 6. Bd2 {[%emt 0:03:37][%cal Oc3d5] B01: Scandinavian Defence.} a6 7. Nf3 {[%emt 0:06:27][%cal Oc3d5,Bg1f3,Bf3g5,Bg5f7,Bf7e5][%mdl 32] [#]} Nbd7 $146 ({Predecessor:} 7... Qb6 8. O-O Qxb2 9. d4 Be7 10. d5 exd5 11. Nxd5 Nxd5 12. Bxd5 O-O 13. Re1 Bc5 {1-0 Chocenka,D (2482)-Kuenzel,U (2104) EU-ch C74/final email 2021}) 8. Qe2 {[%emt 0:03:48][%cal Oc3d5] White is slightly better.} (8. O-O $5 Qc5 9. Bb3 $14) 8... Bb4 9. a3 b5 {[%emt 0:06:53] [#]} 10. Bxe6 {[%emt 0:12:28] White is more active.} fxe6 $11 11. Qxe6+ Kd8 12. Ng5 Ne5 13. Qxe5 Re8 14. Nf7+ Kd7 {[%emt 0:00:06][%cal Bd8d7,Bd7e8,Be8f8][%mdl 32] [#]} 15. O-O $1 Rxe5 16. Nxe5+ Ke8 {[%emt 0:04:31] ...Bd6 is the strong threat.} 17. Rfe1 {[%emt 0:03:40] [#]} Kf8 $1 18. axb4 Qxb4 19. Re2 (19. Nf3 $11) 19... Qc5 (19... Qxb2 $17 20. Rb1 Qa3) 20. Rae1 Bf5 (20... Kg8 $11) 21. h3 (21. Nf3 $1 $14 Qb4 22. Nd5) 21... h5 {[%emt 0:03:00] [#]} (21... Re8 $11 {keeps the balance.}) 22. b4 $1 Qxb4 $14 {[%emt 0:05:20] [#]} 23. g4 hxg4 $17 24. hxg4 Bxg4 (24... Nxg4 $15 25. Ne4 Qa4) 25. Ne4 $11 Qa4 26. Nxf6 $2 {[%emt 0:07:49][%mdl 8192] A dynamic duo of knights.} (26. Ng6+ $11 Kf7 27. Ne5+ Kf8 28. Ng6+ Kg8 29. Ne7+ Kf8 30. Ng6+) 26... Bxe2 $19 ({Worse is} 26... gxf6 27. Re4 fxe5 28. Rxa4 bxa4 29. Rxe5 $11) 27. Nfd7+ Kg8 28. Rxe2 Qxc2 {[%emt 0:00:29] aiming for ...Qd1+.} 29. f4 b4 $2 (29... a5 $19 {Hoping for ...Qd1+.} 30. f5 Qd1+ 31. Kf2 a4) 30. Rg2 $2 (30. Nf6+ $1 $11 {and White stays safe.} gxf6 31. Rg2+ Kh8 32. Rh2+ Kg7 33. Rg2+ Kh7 34. Rh2+ Kg7 35. Rg2+ Kh8 36. Rh2+ Kg7) 30... Qd1+ 31. Kh2 {[%emt 0:00:06] White wants to mate with Nf6+.} a5 32. f5 Qh5+ $2 ({Black should try} 32... b3 $1 $19 33. Bc3 Qh5+ 34. Kg1 Qxf5) 33. Kg1 $11 {[%emt 0:00:06] Black must now prevent Nf6+.} Qd1+ $2 ({Resist} 33... Qxf5 34. Bh6 g6 35. Rf2 $14 (35. Rxg6+ $2 {is the wrong capture.} Qxg6+ 36. Nxg6 Kh7 $19)) (33... Rf8 $11 34. f6 Qd1+ 35. Kh2 Qh5+ 36. Kg1 Qd1+ 37. Kh2 Qh5+ 38. Kg1) 34. Kh2 $19 {[%emt 0:00:05] [#]} Rd8 (34... b3 $1 $19 {[%cal Rb3b2] is more deadly.} 35. f6 Qh5+ 36. Kg3 b2 37. f7+ Qxf7 {[%mdl 64] Promotion} 38. Nxf7 b1=Q) 35. f6 $17 Qh5+ 36. Kg1 Qd1+ 37. Kh2 Qh5+ 38. Kg1 $1 {[%emt 0:01:24] [#] Some like it hot} Qd1+ ({Better is} 38... Rxd7 $1 $19 39. Nxd7 g6) 39. Kh2 {[%emt 0:00:06] A fantastic game!   Weighted Error Value: White=0.37/Black=0.52} 1/2-1/2

[Event "IX Iberoamericano Championship 2023"]
[Site "Panama City"]
[Date "2023.12.02"]
[Round "8.5"]
[White "Hernandez Guerrero, Gilberto"]
[Black "Ulloa, Ruben Abraham"]
[Result "*"]
[ECO "B01"]
[WhiteElo "2527"]
[BlackElo "2150"]
[Annotator "RC"]
[PlyCount "33"]
[EventDate "2023.11.27"]
[EventType "swiss"]
[EventCountry "PAN"]
[SourceTitle "playchess.com"]
[Source "ChessBase"]
[SourceQuality "1"]
[TimeControl "5400+30"]

1. e4 d5 2. exd5 Qxd5 3. Nc3 Qa5 4. Bc4 Nf6 5. d3 e6 6. Bd2 a6 7. Nf3 Nbd7 8. Qe2 Bb4 9. a3 b5 10. Bxe6 fxe6 11. Qxe6+ Kd8 12. Ng5 Ne5 13. Qxe5 Re8 14. Nf7+ Kd7 15. O-O Re7 16. Qe6+ Rxe6 17. Ne5+ *

[Event "IX Iberoamericano Championship 2023"]
[Site "Panama City"]
[Date "2023.12.02"]
[Round "8.6"]
[White "Duran Vega, Sergio"]
[Black "Almeida Quintana, Omar"]
[Result "0-1"]
[ECO "A41"]
[WhiteElo "2392"]
[BlackElo "2509"]
[Annotator "TA"]
[PlyCount "76"]
[EventDate "2023.11.27"]
[EventType "swiss"]
[EventCountry "PAN"]
[SourceTitle "playchess.com"]
[Source "ChessBase"]
[SourceQuality "1"]
[TimeControl "5400+30"]

1. d4 d6 2. Nf3 g6 3. c4 Bg7 4. Nc3 Bg4 5. g3 Nc6 6. Bg2 {[%emt 0:00:17] A41: 1 d4 d6: Tartakower System and Modern Defence.} e5 7. dxe5 dxe5 8. Qb3 {[%emt 0:00:08] White has an edge.} Qc8 {[%emt 0:09:18] [#]} 9. h3 $146 ({Predecessor:} 9. O-O Nge7 10. Nd5 O-O 11. Bg5 f6 12. Bd2 Re8 13. Bc3 Nd8 14. Rfe1 c6 15. Nxe7+ Rxe7 {½-½ Kuenstler,C (2094)-Kireev,A (2331) Pardubice Czech op-A 23rd 2012 (8)}) 9... Bd7 10. Nd5 h6 11. e4 Nf6 12. Qc2 Nxd5 13. cxd5 Nd4 14. Nxd4 exd4 {[%emt 0:00:13] [#]} 15. e5 Bxe5 16. O-O (16. Qe4 O-O 17. Bxh6 (17. Qxe5 $2 Re8 $19) 17... Re8 $17) 16... O-O (16... Bxh3 $2 17. Re1 $18) 17. Bxh6 Re8 18. f4 Bf5 19. Qd2 Bh8 20. g4 {[%emt 0:04:14] Strongly threatening Rae1.} Kh7 21. gxf5 Kxh6 22. fxg6 f5 {[%emt 0:00:21] Black is weak on the light squares} 23. Rae1 Qd7 {[%emt 0:06:21] [#] Against d6} (23... Rxe1 24. Rxe1 Qf8 25. Re6 $16) 24. Re5 $1 Kxg6 (24... Bxe5 25. fxe5+) 25. Qxd4 Qd6 {[%emt 0:00:00][%mdl 64] Pin} 26. Kh1 $2 Bxe5 $19 27. fxe5 Qxe5 28. Qb4 Qd6 29. Qb3 a5 ({Don't blunder} 29... Re2 $2 30. Qd3 Qe5 31. Rxf5 $19) 30. Rg1 Kf6 31. Qf3 Rg8 ({Stronger than} 31... Re4 32. Qh5 Qxd5 33. Bxe4 Qxe4+ 34. Kh2 Qe5+ 35. Kh1 $15) 32. Qc3+ Qe5 33. Qd2 Rae8 {[%emt 0:00:58] White must now prevent ...Qe3. Black is clearly winning.} 34. Qh6+ Rg6 35. Qh4+ Kg7 36. Rf1 (36. Qf2 $142) 36... Qxb2 37. Bf3 Qf6 38. Qf4 Qe5 {[%emt 0:00:14] Weighted Error Value: White=0.40/Black=0.13 (very precise)} 0-1